 Dungeon Crawl Stone Soup version 0.31-a0-986-g5e6e4ef867 (webtiles) character file.

Game seed: 16029881188061758028

3276 bmb222 the Grappler (level 10, -2/65 HPs)
             Began as an Octopode Shapeshifter on Nov 24, 2023.
             Was an Initiate of Gozag.
             Slain by Harold
             ... wielding a +0 war axe
              (27 damage)
             ... on level 9 of the Dungeon.
             The game lasted 00:12:01 (7608 turns).

bmb222 the Grappler (Octopode Shapeshifter)         Turns: 7608, Time: 00:12:01

Health: -2/65      AC:  5    Str: 17    XL:     10   Next: 0%
Magic:  10/10      EV: 15    Int: 12    God:    Gozag
Gold:   1286       SH:  0    Dex: 13    Spells: 9/9 levels left

rFire   . .          .
                       - Unarmed
rCold   . . .        (no shield)
rNeg    . . .        n - melded +2 hat
rPois   .            m - amulet of regeneration
rElec   .            k - +4 ring of protection
rCorr   .            s - ring of wizardry
SInv    .            (no ring)
Will    .....        (no ring)
Stlth   ++++         (no ring)
HPRegen 1.10/turn    (no ring)
MPRegen 0.12/turn    (no ring)
                     (no ring)

%: wizardry (x1)
@: beast-form
A: beast (slay +4), almost no armour, amphibious, 8 rings, camouflage 1,
gelatinous body 1, (nimble swimmer 1), tentacles
a: Begin Untransformation, Renounce Religion, Potion Petition, Call Merchant,
Bribe Branch


You were on level 9 of the Dungeon.
You worshipped Gozag.
Gozag was most pleased with you.
You were a hulking beast.
You visited 2 branches of the dungeon, and saw 10 of its levels.
You also visited: Sewer.

You collected 1313 gold pieces.
You paid 27 gold pieces to Gozag.

Inventory:

Hand Weapons
 C - the +10 mace of Descent {freeze, Fly rC+}
   (You found it on level 6 of the Dungeon)

   rC+:       It protects you from cold.
   Fly:       It grants you flight.
Armour
 n - a +2 hat (melded)
 u - a scarf of invisibility
 y - an orb of wrath
Jewellery
 d - an amulet of the acrobat
 k - a +4 ring of protection (left tentacle)
 m - an amulet of regeneration (around mantle)
 s - a ring of wizardry (right tentacle)
 x - a ring of fire
Talismans
 b - a beast talisman (active)
 c - a flux talisman
 t - a serpent talisman
Wands
 e - a wand of iceblast (13)
 q - a wand of flame (7)
Scrolls
 i - a scroll of butterflies
 o - a scroll of immolation
 p - a scroll of enchant armour {unknown}
 r - a scroll of fog
 D - a scroll of identify
 E - a scroll of amnesia
Potions
 a - 3 potions of lignification
 f - 3 potions of curing
 g - 2 potions of resistance
 h - a potion of magic {unknown}
 j - 2 potions of heal wounds {unknown}
 l - a potion of mutation {unknown}
 v - a potion of ambrosia {unknown}
 w - a potion of attraction
 z - 2 potions of berserk rage
 A - a potion of haste
 B - a potion of might


   Skills:
 + Level 4.5 Fighting
 - Level 5.3 Dodging
 - Level 5.1 Stealth
 - Level 9.1 Unarmed Combat
 + Level 1.6 Evocations
 * Level 7.3 Shapeshifting


You had 9 spell levels left.
You didn't know any spells.
Your spell library contained the following spells:

 Spells                   Type           Power      Damage    Failure   Level
 Kiss of Death            Conj/Necr      0%         2d5       13%         1
 Sublimation of Blood     Necr           0%         N/A       21%         2
 Wereblood                Tmut           0%         N/A       21%         2
 Confusing Touch          Hex            0%         N/A       36%         3
 Frozen Ramparts          Ice            0%         1d1       36%         3
 Tukima's Dance           Hex            0%         N/A       36%         3
 Dispel Undead            Necr           0%         3d6       75%         4
 Passage of Golubria      Tloc           0%         N/A       75%         4
 Petrify                  Tmut/Erth      0%         N/A       75%         4
 Metabolic Englaciation   Hex/Ice        0%         N/A       97%         5
 Yara's Violent Unravell  Hex/Tmut       0%         3d3       97%         5
 Summon Hydra             Summ           0%         N/A       100%        7


Dungeon Overview and Level Annotations

Branches:
Dungeon (9/15)             Temple (1/1) D:4           Sewer (visited)
   Lair: D:8-11         Orc: D:9-12

Altars:
Ashenzari
Elyvilon
Fedhas
Gozag
Makhleb
Nemelex Xobeh
Okawaru
Qazlal
Ru
Sif Muna
Uskayaw
Vehumet
Wu Jian
Xom
Yredelemnul
Zin
The Shining One

Shops:
D:3 [   D:8 :   D:9 :

Annotations:
D:5 Prince Ribbit
D:9 Harold


Innate Abilities, Weirdness & Mutations

You are a hulking beast.
Your limbs bulge with bestial killing power. (Slay +4)
You cannot wear most types of armour.
You are amphibious.
You can wear up to eight rings at the same time.
Your skin changes colour to match your surroundings (Stealth+).
Your rubbery body absorbs attacks. (AC +1, EV +1)
((You are camouflaged when in or above water. (Stealth+)))
You have tentacles for arms and can constrict up to eight enemies at once.


Message History

You bludgeon the centaur!
You kill the centaur!
You have reached level 10!
You feel stronger.
You now have 1259 gold pieces (gained 17).
You see here a +0 shortbow of electrocution.
Found a stone staircase leading down.
You now have 1272 gold pieces (gained 13).
You now have 1286 gold pieces (gained 14).
You pick up a book of Sloth and begin reading...
You add the spells Frozen Ramparts, Petrify and Metabolic Englaciation to your library.
Harold the Weathered comes into view.
He is wielding a +0 war axe.
Harold shouts!
Harold fires a harpoon shot at you. The harpoon shot hits you!!
You are yanked forward by the harpoon shot.
You barely miss Harold. You grab Harold. You squeeze Harold.
Harold is lightly wounded.
You constrict Harold. Harold hits you with a +0 war axe.
You tentacle-slap Harold but do no damage.
Harold is lightly wounded.
You constrict Harold. Harold hits you with a +0 war axe!
You bludgeon Harold! You squeeze Harold!
Harold is moderately wounded.
You constrict Harold. Harold barely misses you.
You bludgeon Harold!
Harold is heavily wounded.
You constrict Harold.
Harold says, "Ah, this is what I got into this business for!"
Harold barely misses you.
You tentacle-slap Harold but do no damage.
You squeeze Harold!
Harold is severely wounded.
You constrict Harold. Harold hits you with a +0 war axe!
You tentacle-slap Harold but do no damage.
Harold is severely wounded.
You constrict Harold. Harold hits you with a +0 war axe!!
You die...
Harold sighs, "Nothing for old Harold but fishing after this."
Your body crumbles into a pile of gold.

##.
#.#.###.#.............<..##
#. ...#.#
#........(....###..#
#.###.# #######.#..####
##.# #. #.# #.#..# #.## #
#.# #.#..# #... #.# #.#..#
#.## .. ..#..# #.#
############..# #.##
#.....@h......# #...
#.##########.## #.##
#...#######.# #...........#
#...#######.# ##### #.#
#.## #... ####


You could see Harold.

Vanquished Creatures
  4 yaks (D:9)
  A steam dragon (D:8)
  A water moccasin (Sewer)
  A sky beast (D:3)
  3 ice beasts
  2 black bears
  4 centaurs
  4 bullfrogs
  4 scorpions
  4 wights (D:7)
  3 howler monkeys
  4 hounds
  A jelly (D:6)
  3 orc priests
  A gnoll bouda (D:5)
  A sleepcap (D:4)
  Jessica (D:2)
  4 orc wizards
  6 iguanas
  7 gnolls
  3 adders (D:2)
  4 ufetubi
  2 worms
  A dart slug (D:1)
  17 orcs
  14 bats
  8 endoplasms
  4 giant cockroaches
  8 goblins
  9 hobgoblins
  5 jackals
  8 quokkas
  7 ball pythons
  2 frilled lizards
  5 kobolds
  8 rats
164 creatures vanquished.

Notes
Turn   | Place    | Note
-------+----------+-------------------------------------------
     0 | D:1      | bmb222 the Octopode Shapeshifter began the quest for the
                  | Orb.
     0 | D:1      | Reached XP level 1. HP: 13/13 MP: 1/1
    96 | D:1      | Reached skill level 1 in Stealth
   109 | D:1      | Reached XP level 2. HP: 18/18 MP: 2/2
   361 | D:1      | Reached XP level 3. HP: 22/23 MP: 3/3
  1019 | D:2      | You fall into a shaft and drop 2 floors!
  1044 | D:4      | Found a staircase to the Ecumenical Temple.
  1053 | Temple   | Entered the Ecumenical Temple
  1053 | Temple   | Noticed an Executioner
  1053 | Temple   | Noticed a Hell Sentinel
  1054 | Temple   | Noticed a sixfirhy
  1054 | Temple   | Noticed Fostagh the pandemonium lord
  1054 | Temple   | Noticed Ocymoten the pandemonium lord
  1056 | Temple   | Noticed a chaos spawn
  1057 | Temple   | Noticed Evuoh the pandemonium lord
  1092 | Temple   | Noticed Neplan the pandemonium lord
  1092 | Temple   | Noticed Guafig the pandemonium lord
  1102 | Temple   | Reached XP level 4. HP: 6/28 MP: 4/4
  1196 | Temple   | Noticed Rireut the pandemonium lord
  1196 | Temple   | Noticed a hellwing
  1330 | Temple   | Became a worshipper of Gozag Ym Sagoz the Greedy
  1393 | D:4      | Reached skill level 4 in Unarmed Combat
  1510 | D:4      | Noticed a centaur
  2299 | D:2      | Noticed Jessica
  2308 | D:2      | Killed Jessica
  2309 | D:2      | Reached XP level 5. HP: 33/33 MP: 5/5
  2622 | D:3      | Noticed a sky beast
  2645 | D:3      | Killed a sky beast
  2646 | D:3      | Reached XP level 6. HP: 30/38 MP: 6/6
  2680 | D:3      | Found Jaqyx's Armour Boutique.
  2743 | D:3      | Reached skill level 5 in Stealth
  2956 | D:3      | Found a faded altar of an unknown god.
  2958 | D:3      | Found Attiheh's Assorted Antiques.
  3125 | D:3      | Reached skill level 5 in Unarmed Combat
  3651 | D:4      | Noticed a black bear
  3802 | D:4      | Killed a black bear
  3803 | D:4      | Reached XP level 7. HP: 43/43 MP: 7/7
  3810 | D:4      | Found a glowing golden altar of the Shining One.
  3932 | D:5      | Entered Level 5 of the Dungeon
  3967 | D:5      | Noticed Prince Ribbit
  3988 | D:4      | Reached skill level 6 in Unarmed Combat
  4389 | D:5      | Found a glowing drain.
  4393 | Sewer    | Entered a sewer
  4440 | Sewer    | Reached skill level 7 in Unarmed Combat
  4440 | Sewer    | Reached XP level 8. HP: 43/50 MP: 8/8
  4509 | D:5      | Noticed a two-headed ogre
  4606 | D:6      | Reached skill level 1 in Evocations
  4956 | D:6      | Identified the +10 mace of Descent {freeze, Fly rC+}
  5986 | D:7      | Reached skill level 8 in Unarmed Combat
  6045 | D:7      | Found a glowing silver altar of Zin.
  6112 | D:7      | Reached skill level 5 in Dodging
  6112 | D:7      | Reached XP level 9. HP: 33/56 MP: 9/9
  6484 | D:7      | Reached skill level 9 in Unarmed Combat
  6761 | D:8      | Noticed a two-headed ogre
  6772 | D:8      | Found Awkelaimp's Book Shop.
  6841 | D:8      | Identified the +3 flail "Impslayer" {drain, *Rage *Corrode
                  | Int+2 Dex+10}
  6939 | D:8      | Reached skill level 5 in Shapeshifting
  7118 | D:8      | Noticed a tengu warrior
  7234 | D:9      | Identified the +5 dagger of Biehag {flame, Int+4}
  7445 | D:9      | Found Peastrot's Vocational Training.
  7557 | D:9      | Reached XP level 10. HP: 64/65 MP: 10/10
  7599 | D:9      | Noticed Harold
  7608 | D:9      | Slain by Harold

Illustrated notes

Levels and vault maps discovered:
D:1:      matt_arrival_refuge, layout_rooms
D:2:      layout_loops_ring, minmay_statues_item, minivault_25,
          minmay_split_cup_small, uniq_jessica
D:3:      layout_basic, serial_shops, nicolae_diamond_shop, shop,
          basic_ecumenical_altar, st_stairs_5
D:4:      layout_basic, nicolae_tso_carved_into_rock,
          minmay_temple_entry_junction_2
D:5:      layout_rooms, chequers_temple_overflow_statue_of_worship,
          gup_sewer_entry_bowl, kennysheep_generic_room_2, uniq_prince_ribbit1
D:6:      layout_basic
D:7:      minmay_recursive_quarters, layout_basic, zin_treasury,
          mrwooster_statue_mirror
D:8:      layout_rooms, serial_shops, nicolae_stop_n_shop_2,
          minmay_unpleasant_kobolds
D:9:      layout_loops_ring, nicolae_shop_vocational, uniq_harold
Temple:   nicolae_temple_panitentiary

Skill      XL: |  1  2  3  4  5  6  7  8  9 |
---------------+----------------------------+-----
Stealth        | 1 2 4 5 |  5.1
Unarmed Combat | 4 5 7 8 9 |  9.1
Dodging        | 3 4 5 |  5.3
Fighting       | 2 3 4 |  4.5
Evocations     | 1 |  1.6
Shapeshifting  | 4 7 |  7.3

Action                     |  1- 3 |  4- 6 |  7- 9 | 10-12 || total
---------------------------+-------+-------+-------+-------++-------
  Melee: Unarmed           |    70 |   115 |   221 |     6 ||   412
         Constrict         |    20 |    21 |    46 |     1 ||    88
         Tentacles         |    10 |    20 |    47 |     3 ||    80
         Punch             |     1 |     5 |    15 |       ||    21
  Evoke: Wand              |       |     5 |     2 |       ||     7
    Use: Scroll            |     1 |       |    13 |       ||    14
         Potion            |       |       |     1 |       ||     1
   Stab: Sleeping          |     7 |     9 |     6 |       ||    22
         Distracted        |     1 |     2 |     1 |       ||     4
 Armour: Skin              |    38 |    40 |   133 |     5 ||   216
  Dodge: Dodged            |   106 |    59 |   151 |     2 ||   318
   Form: Beast             |       |     3 |       |       ||     3
                           |       |     1 |       |       ||     1
         Flux              |       |     1 |       |       ||     1

Table legend: (Time is in decaauts)
 A = Elapsed time spent in this place.
 B = Non-inter-level travel time spent in this place.
 C = Inter-level travel time spent in this place.
 D = Time resting spent in this place.
 E = Time spent auto-exploring this place.
 F = Levels seen in this place.
 G = Mean time per level.
                   A        B        C        D        E       F      G
               +--------+--------+--------+--------+--------+-----+--------+
         Total |   7561 |   7238 |    323 |   1137 |   4081 |  11 |  687.4 |
       Dungeon |   7158 |   6835 |    323 |   1047 |   4030 |   9 |  795.3 |
        Temple |    309 |    309 |      0 |     90 |      0 |   1 |  309.0 |
         Sewer |     94 |     94 |      0 |      0 |     51 |   1 |   94.0 |
               +--------+--------+--------+--------+--------+-----+--------+

Top non-repeatable levels by time:
     D:4: 1362 daAuts
     D:7: 1349 daAuts
     D:3: 1072 daAuts
     D:6: 847 daAuts
     D:1: 797 daAuts
     D:2: 660 daAuts
     D:9: 471 daAuts
     D:8: 367 daAuts
  Temple: 309 daAuts
     D:5: 228 daAuts
   Sewer: 94 daAuts
